[Event "EYCC Girls-U14 2019"]
[Site "Bratislava"]
[Date "2019.08.09"]
[Round "8.10"]
[White "Pipiras, Filipa Fortuna"]
[Black "Blokhin, Sofia"]
[Result "1-0"]
[ECO "D35"]
[WhiteElo "1980"]
[BlackElo "1725"]
[Annotator "NA"]
[PlyCount "113"]
[EventDate "2019.08.02"]
[EventType "swiss"]
[EventCountry "SVK"]
[SourceTitle "playchess.com"]
[Source "ChessBase"]
[SourceQuality "1"]
[TimeControl "40/5400+30:1800+30"]

1. d4 d5 2. c4 e6 3. Nc3 Nf6 4. cxd5 exd5 5. Bg5 Be7 6. e3 O-O 7. Bd3 h6 8. Bh4 b6 9. Nge2 Bb7 10. O-O Nbd7 11. Rc1 c5 12. Bf5 a6 13. Bxd7 Qxd7 14. Na4 Qc6 15. Qb3 g5 16. Bg3 Nd7 17. dxc5 Nxc5 18. Nxc5 bxc5 19. Nd4 Qd7 20. Nf5 c4 21. Nxe7+ Qxe7 22. Qb6 f6 23. Rfd1 Rf7 24. b3 Rc8 25. bxc4 dxc4 26. Rd4 c3 27. Qb3 f5 28. h3 Kg7 29. Rxc3 f4 30. Rxc8 Bxc8 31. exf4 Bb7 32. Qc3 Kg8 33. fxg5 hxg5 34. Qd2 Qf6 35. Rd8+ Kg7 36. Qd4 Qxd4 37. Rxd4 Re7 38. a4 Bc6 39. Rc4 Re6 40. Bc7 Bd7 41. a5 Bb5 42. Rg4 Rg6 43. Bd8 Kh6 44. Kh2 Bd7 45. Rd4 Bc6 46. Rc4 Re6 47. Rc5 Bb5 48. Bxg5+ Kg6 49. Be3 Re4 50. Rc2 Ra4 51. Bb6 Re4 52. Kg3 Re5 53. h4 Bd7 54. f3 Bb5 55. Rd2 Re6 56. Bd8 Bc6 57. Bc7 1-0

[Event "EYCC Girls-U14 2019"]
[Site "Bratislava"]
[Date "2019.08.09"]
[Round "8.11"]
[White "Kozachenko, Maria"]
[Black "Wikar, Martyna"]
[Result "1-0"]
[ECO "B12"]
[WhiteElo "1865"]
[BlackElo "2020"]
[Annotator "NA"]
[PlyCount "71"]
[EventDate "2019.08.02"]
[EventType "swiss"]
[EventCountry "SVK"]
[SourceTitle "playchess.com"]
[Source "ChessBase"]
[SourceQuality "1"]
[TimeControl "40/5400+30:1800+30"]

1. e4 c6 2. d4 d5 3. e5 c5 4. Nf3 cxd4 5. Nxd4 e6 6. c3 Ne7 7. Bd3 Nbc6 8. Nxc6 Nxc6 9. Qe2 Bc5 10. O-O Qc7 11. Bf4 Be7 12. Nd2 Bd7 13. Rfc1 g5 14. Bg3 h5 15. h3 Qb6 16. b4 g4 17. hxg4 hxg4 18. Qxg4 O-O-O 19. a4 Rdg8 20. Qf3 Bh4 21. a5 Qd8 22. Bf4 f6 23. exf6 e5 24. Bh2 Bxf6 25. Qxd5 Qf8 26. a6 b6 27. b5 Rxh2 28. Kxh2 Rh8+ 29. Kg1 Qh6 30. g3 Qh2+ 31. Kf1 Rd8 32. Qf3 Bg5 33. bxc6 Qh3+ 34. Qg2 Bxd2 35. cxd7+ Qxd7 36. Qa8+ 1-0

[Event "EYCC Girls-U14 2019"]
[Site "Bratislava"]
[Date "2019.08.09"]
[Round "8.12"]
[White "Reuter, Elisa"]
[Black "Anacoglu, Cisel"]
[Result "1/2-1/2"]
[ECO "C55"]
[WhiteElo "1930"]
[BlackElo "1869"]
[Annotator "NA"]
[PlyCount "107"]
[EventDate "2019.08.02"]
[EventType "swiss"]
[EventCountry "SVK"]
[SourceTitle "playchess.com"]
[Source "ChessBase"]
[SourceQuality "1"]
[TimeControl "40/5400+30:1800+30"]

1. e4 e5 2. Nf3 Nc6 3. Bc4 Nf6 4. d3 Be7 5. c3 d6 6. Bb3 O-O 7. O-O Na5 8. Bc2 c5 9. Nbd2 Nc6 10. Re1 Re8 11. Nf1 h6 12. h3 Bf8 13. Ng3 g6 14. d4 cxd4 15. cxd4 exd4 16. Nxd4 Nxd4 17. Qxd4 Be6 18. Bd2 Bg7 19. Qd3 Rc8 20. Bc3 Nd7 21. Ne2 Ne5 22. Qd1 d5 23. Nd4 dxe4 24. Bxe4 Bd5 25. Bxd5 Qxd5 26. Qe2 Qd7 27. Qb5 Nc6 28. Nxc6 Bxc3 29. bxc3 Rxe1+ 30. Rxe1 Qxc6 31. Qxc6 Rxc6 32. Re7 Rxc3 33. Rxb7 a5 34. Rb3 Rxb3 35. axb3 Kf8 36. Kf1 Ke7 37. Ke2 Kd6 38. Kd2 Kc5 39. Kc3 Kb5 40. Kc2 Kc5 41. Kc3 Kb5 42. Kc2 Kb4 43. Kb2 f6 44. g4 g5 45. f3 Kc5 46. Kc3 Kb5 47. Kc2 Kc6 48. Kc3 Kc5 49. Kd3 Kb4 50. Kc2 Kb5 51. Kd3 Kc5 52. Kc3 Kd5 53. Kd3 Kc5 54. Ke4 1/2-1/2

[Event "EYCC Girls-U14 2019"]
[Site "Bratislava"]
[Date "2019.08.09"]
[Round "8.13"]
[White "Lomaia, Diana"]
[Black "Sumarriva Paulin, Laura"]
[Result "1-0"]
[ECO "D20"]
[WhiteElo "1807"]
[BlackElo "1861"]
[Annotator "NA"]
[PlyCount "87"]
[EventDate "2019.08.02"]
[EventType "swiss"]
[EventCountry "SVK"]
[SourceTitle "playchess.com"]
[Source "ChessBase"]
[SourceQuality "1"]
[TimeControl "40/5400+30:1800+30"]

1. d4 d5 2. c4 dxc4 3. e4 e5 4. d5 Nf6 5. Bg5 c6 6. Nc3 Bb4 7. Bxf6 Qxf6 8. Bxc4 Qg6 9. Qf3 O-O 10. h3 Nd7 11. Nge2 Nc5 12. a3 Bxc3+ 13. Nxc3 Kh8 14. Qg3 Qxg3 15. fxg3 f5 16. O-O Bd7 17. exf5 Bxf5 18. Rad1 e4 19. Ne2 Bg6 20. Nf4 Bf7 21. b4 cxd5 22. Bxd5 Bxd5 23. Rxd5 Nd3 24. Nxd3 exd3 25. Rxd3 Kg8 26. Rd7 b5 27. Rb7 a6 28. Rd1 Rf7 29. Rdd7 Rxd7 30. Rxd7 a5 31. Rb7 axb4 32. axb4 Ra3 33. g4 Rb3 34. Rxb5 Kf7 35. Rb6 g6 36. Kh2 Ke7 37. h4 Kd7 38. Rb7+ Kc6 39. Rxh7 Rxb4 40. Kg3 Kd5 41. Rg7 Rb3+ 42. Kf4 Rb2 43. Rxg6 Rxg2 44. Rf6 1-0

[Event "EYCC Girls-U14 2019"]
[Site "Bratislava"]
[Date "2019.08.09"]
[Round "8.14"]
[White "Slusarczyk, Milena"]
[Black "Nadzamova, Viktoria"]
[Result "0-1"]
[ECO "A46"]
[WhiteElo "1522"]
[BlackElo "1854"]
[Annotator "NA"]
[PlyCount "80"]
[EventDate "2019.08.02"]
[EventType "swiss"]
[EventCountry "SVK"]
[SourceTitle "playchess.com"]
[Source "ChessBase"]
[SourceQuality "1"]
[TimeControl "40/5400+30:1800+30"]

1. d4 Nf6 2. Nf3 e6 3. Bf4 d5 4. e3 Be7 5. Bd3 b6 6. c3 O-O 7. Nbd2 Bb7 8. Ne5 c5 9. Qf3 Nbd7 10. Qh3 a6 11. g4 g6 12. Qg2 cxd4 13. exd4 Nxe5 14. Bxe5 Nd7 15. Bf4 e5 16. dxe5 Nc5 17. Bc2 d4 18. f3 dxc3 19. bxc3 Nd3+ 20. Bxd3 Qxd3 21. Qe2 Qxc3 22. O-O Qd4+ 23. Be3 Qxe5 24. Nc4 Qe6 25. Rae1 b5 26. Na5 Bd5 27. Bh6 Bc5+ 28. Kh1 Rfe8 29. Qxe6 Rxe6 30. Rxe6 fxe6 31. Nb3 Bf8 32. Bf4 a5 33. Nd4 b4 34. Rf2 Bg7 35. Nb5 Rf8 36. Bc7 Bc6 37. Nd6 Bd4 38. Rf1 Rxf3 39. Kg2 Rd3+ 40. Rf3 Bxf3+ 0-1

[Event "EYCC Girls-U14 2019"]
[Site "Bratislava"]
[Date "2019.08.09"]
[Round "8.15"]
[White "Lhotska, Anna"]
[Black "Zabrzanska, Weronika"]
[Result "0-1"]
[ECO "A13"]
[WhiteElo "1922"]
[BlackElo "1770"]
[Annotator "NA"]
[PlyCount "42"]
[EventDate "2019.08.02"]
[EventType "swiss"]
[EventCountry "SVK"]
[SourceTitle "playchess.com"]
[Source "ChessBase"]
[SourceQuality "1"]
[TimeControl "40/5400+30:1800+30"]

1. c4 e6 2. e4 d5 3. exd5 exd5 4. d4 Bb4+ 5. Nc3 Nf6 6. Qb3 Qe7+ 7. Be3 Nc6 8. Nf3 Na5 9. Qc2 Nxc4 10. Bxc4 dxc4 11. Ne5 Be6 12. O-O O-O 13. Bg5 Bxc3 14. bxc3 h6 15. Bh4 c5 16. f4 cxd4 17. cxd4 Qd6 18. Rad1 Ng4 19. Qe4 f6 20. Ng6 Rfe8 21. f5 Qxh2# 0-1

[Event "EYCC Girls-U14 2019"]
[Site "Bratislava"]
[Date "2019.08.09"]
[Round "8.16"]
[White "Barwinska, Ewa"]
[Black "Toth, Nikoletta"]
[Result "1/2-1/2"]
[ECO "B33"]
[WhiteElo "1758"]
[BlackElo "2023"]
[Annotator "NA"]
[PlyCount "68"]
[EventDate "2019.08.02"]
[EventType "swiss"]
[EventCountry "SVK"]
[SourceTitle "playchess.com"]
[Source "ChessBase"]
[SourceQuality "1"]
[TimeControl "40/5400+30:1800+30"]

1. e4 c5 2. Nf3 Nc6 3. d4 cxd4 4. Nxd4 Nf6 5. Nc3 e5 6. Ndb5 d6 7. Bg5 a6 8. Na3 b5 9. Nd5 Be7 10. Bxf6 Bxf6 11. c3 Ne7 12. Nxf6+ gxf6 13. Nc2 d5 14. exd5 Qxd5 15. Qxd5 Nxd5 16. O-O-O Bb7 17. Ne3 Nxe3 18. fxe3 h5 19. Rg1 Rg8 20. g3 h4 21. Bg2 Bxg2 22. Rxg2 hxg3 23. Rxg3 Rxg3 24. hxg3 Ke7 25. Kc2 Rg8 26. Rg1 Rg4 27. b3 Ke6 28. Kd3 Kd5 29. Rf1 e4+ 30. Ke2 Rxg3 31. Rxf6 Rg2+ 32. Rf2 Rg7 33. Rf6 Rg2+ 34. Rf2 Ke5 1/2-1/2

[Event "EYCC Girls-U14 2019"]
[Site "Bratislava"]
[Date "2019.08.09"]
[Round "8.17"]
[White "Zhou, Lulu"]
[Black "Volovich, Julia"]
[Result "1-0"]
[ECO "C18"]
[WhiteElo "1944"]
[BlackElo "1726"]
[Annotator "NA"]
[PlyCount "107"]
[EventDate "2019.08.02"]
[EventType "swiss"]
[EventCountry "SVK"]
[SourceTitle "playchess.com"]
[Source "ChessBase"]
[SourceQuality "1"]
[TimeControl "40/5400+30:1800+30"]

1. e4 e6 2. d4 d5 3. Nc3 Bb4 4. e5 c5 5. a3 Bxc3+ 6. bxc3 Ne7 7. h4 Qc7 8. Nf3 Bd7 9. a4 Nbc6 10. h5 cxd4 11. cxd4 Nb4 12. Bd3 Qc3+ 13. Bd2 Nxd3+ 14. cxd3 Qxd3 15. h6 gxh6 16. Bxh6 Qxd1+ 17. Kxd1 Nf5 18. Bg5 h6 19. g4 Rg8 20. gxf5 hxg5 21. f6 Rc8 22. Kd2 Rc4 23. Rag1 Bxa4 24. Rxg5 Rf8 25. Rgh5 Bc2 26. Rh8 Rxh8 27. Rxh8+ Kd7 28. Rb8 Bg6 29. Rxb7+ Rc7 30. Rxc7+ Kxc7 31. Kc3 Kb6 32. Nh4 Bh5 33. f4 Kc6 34. f5 Kd7 35. fxe6+ Kxe6 36. Kb4 Be2 37. Kc5 a5 38. Ng2 Kf5 39. Ne3+ Ke6 40. Nxd5 Bg4 41. Ne3 Bf3 42. Kb5 Kd7 43. d5 Be4 44. Kxa5 Bf3 45. Kb6 Be4 46. Kc5 Bf3 47. Nf5 Be4 48. Nd4 Bg2 49. e6+ fxe6 50. dxe6+ Ke8 51. Kd6 Bh3 52. Nf3 Bf5 53. Ne5 Bc2 54. f7+ 1-0

[Event "EYCC Girls-U14 2019"]
[Site "Bratislava"]
[Date "2019.08.09"]
[Round "8.18"]
[White "Katter, Katharina"]
[Black "Badalyan, Seda"]
[Result "1-0"]
[ECO "D02"]
[WhiteElo "1824"]
[BlackElo "1466"]
[Annotator "NA"]
[PlyCount "63"]
[EventDate "2019.08.02"]
[EventType "swiss"]
[EventCountry "SVK"]
[SourceTitle "playchess.com"]
[Source "ChessBase"]
[SourceQuality "1"]
[TimeControl "40/5400+30:1800+30"]

1. d4 d5 2. Nf3 c6 3. e3 Bf5 4. c4 e6 5. Nc3 Nf6 6. Nh4 Bg4 7. Qb3 Qc7 8. h3 Bh5 9. g4 Bg6 10. Nxg6 hxg6 11. Bg2 Be7 12. Bd2 Nbd7 13. Rc1 Qb6 14. Qa4 O-O 15. g5 Ne8 16. cxd5 exd5 17. Nxd5 cxd5 18. Qxd7 Bb4 19. Rc2 Nd6 20. Qa4 Bxd2+ 21. Kxd2 Nc4+ 22. Kc1 Rac8 23. Kb1 Rfd8 24. Rhc1 Rc6 25. Bxd5 Rxd5 26. Rxc4 Rxc4 27. Rxc4 Rxg5 28. Qe8+ Kh7 29. Rc8 Rg1+ 30. Kc2 Kh6 31. Qe4 Qd6 32. Qh4# 1-0

[Event "EYCC Girls-U14 2019"]
[Site "Bratislava"]
[Date "2019.08.09"]
[Round "8.19"]
[White "Ruseva, Eva"]
[Black "Mikhailina, Elena"]
[Result "1-0"]
[ECO "D35"]
[WhiteElo "1804"]
[BlackElo "1689"]
[Annotator "NA"]
[PlyCount "165"]
[EventDate "2019.08.02"]
[EventType "swiss"]
[EventCountry "SVK"]
[SourceTitle "playchess.com"]
[Source "ChessBase"]
[SourceQuality "1"]
[TimeControl "40/5400+30:1800+30"]

1. d4 d5 2. c4 e6 3. Nc3 Nf6 4. cxd5 exd5 5. Bg5 c6 6. e3 Bf5 7. Bd3 Bg6 8. Nge2 Be7 9. O-O Nbd7 10. Qc2 O-O 11. Rad1 Re8 12. Bxg6 hxg6 13. Rfe1 Ne4 14. Nxe4 dxe4 15. Bf4 Bg5 16. Qb3 Bxf4 17. Nxf4 g5 18. Ne2 Qb6 19. Nc3 Qxb3 20. axb3 Rad8 21. Ra1 a6 22. Na4 a5 23. Rec1 Re6 24. Nc5 Nxc5 25. Rxc5 b6 26. Rxg5 f6 27. Rg4 Rd5 28. Kf1 Rb5 29. Ra3 Kf7 30. Rh4 Re8 31. Ke2 Rg5 32. g3 Rb5 33. Kd2 Rf5 34. Rf4 Rh5 35. h4 Rb5 36. Kc3 c5 37. Ra4 Rb4 38. dxc5 bxc5 39. Rxa5 Reb8 40. Ra3 Ke6 41. Rg4 R8b7 42. h5 Kd5 43. Rh4 R7b5 44. h6 gxh6 45. Rxh6 Ke5 46. Rh5+ Ke6 47. g4 Kf7 48. Kc2 Kg6 49. Rd5 Kh6 50. Rf5 Kg6 51. Rh5 Kg7 52. Ra7+ Kg8 53. Rd5 Rb8 54. Rxc5 Rxb3 55. Ra2 R3b4 56. Rc3 Kg7 57. b3 Kg6 58. Ra5 R8b7 59. Rac5 Ra7 60. Kb2 Rab7 61. R5c4 Rxc4 62. Rxc4 Re7 63. Rc5 Rd7 64. Rf5 Kf7 65. g5 Kg6 66. Rxf6+ Kxg5 67. Rf4 Rd6 68. Kc3 Rd3+ 69. Kc4 Rd2 70. b4 Rc2+ 71. Kb5 Rb2 72. Kc5 Rc2+ 73. Kb6 Rb2 74. b5 Rc2 75. Kb7 Rb2 76. b6 Rc2 77. Kb8 Rb2 78. b7 Kg6 79. Rxe4 Rxf2 80. Rc4 Rf8+ 81. Ka7 Rf7 82. Kb6 Rf8 83. Rc8 1-0

[Event "EYCC Girls-U14 2019"]
[Site "Bratislava"]
[Date "2019.08.09"]
[Round "8.20"]
[White "Zavivaeva, Emilia"]
[Black "Spirkova, Marija"]
[Result "1-0"]
[ECO "C62"]
[WhiteElo "1740"]
[BlackElo "1325"]
[Annotator "NA"]
[PlyCount "165"]
[EventDate "2019.08.02"]
[EventType "swiss"]
[EventCountry "SVK"]
[SourceTitle "playchess.com"]
[Source "ChessBase"]
[SourceQuality "1"]
[TimeControl "40/5400+30:1800+30"]

1. e4 e5 2. Nf3 Nc6 3. Bb5 d6 4. d4 exd4 5. Nxd4 Bd7 6. Nc3 Nxd4 7. Bxd7+ Qxd7 8. Qxd4 Nf6 9. O-O Be7 10. Rd1 O-O 11. e5 Ne8 12. Bf4 Qc6 13. Nd5 Bd8 14. exd6 Nxd6 15. Nb4 Qc4 16. Bxd6 Qxd4 17. Rxd4 cxd6 18. Rxd6 Be7 19. Rd4 Bf6 20. Rd7 Bxb2 21. Rb1 Ba3 22. Rxb7 Bxb4 23. R1xb4 h6 24. g3 Rfc8 25. c4 a5 26. Ra4 Rc5 27. Rb5 Rac8 28. Raxa5 Rxc4 29. Ra7 Rc1+ 30. Kg2 R8c7 31. Rxc7 Rxc7 32. a4 Ra7 33. a5 Kf8 34. Kf3 Ke7 35. Ke4 Ke6 36. f4 Kd6 37. Kd4 Kc6 38. Kc4 Kd6 39. Rb6+ Kc7 40. Kb5 Kc8 41. a6 Kc7 42. Kc5 Kc8 43. Rc6+ Kd7 44. Rb6 Kc8 45. Rd6 Kc7 46. g4 Ra8 47. Rb6 Kc8 48. f5 Ra7 49. Rb7 Rxa6 50. Rxf7 g6 51. Kd5 gxf5 52. gxf5 Kd8 53. Ke5 Ke8 54. Rh7 Kf8 55. f6 Ra5+ 56. Ke6 Ra6+ 57. Kf5 Kg8 58. Rg7+ Kf8 59. Rb7 Ra2 60. h4 Rg2 61. Rh7 Kg8 62. Rxh6 Kf7 63. Rh7+ Kg8 64. Rc7 Rh2 65. Kg6 Rg2+ 66. Kh6 Rf2 67. Rg7+ Kf8 68. Kg6 Rg2+ 69. Kh7 Rf2 70. Rg6 Kf7 71. h5 Rxf6 72. Rg7+ Kf8 73. h6 Rd6 74. Rc7 Rb6 75. Rc5 Rb7+ 76. Kh8 Rb6 77. Rf5+ Ke8 78. Kg7 Rb7+ 79. Kg6 Rb6+ 80. Rf6 Rb1 81. h7 Rh1 82. Kg7 Ke7 83. Rg6 1-0

[Event "EYCC Girls-U14 2019"]
[Site "Bratislava"]
[Date "2019.08.09"]
[Round "8.21"]
[White "Mroz, Lena"]
[Black "Kralj, Nika"]
[Result "1-0"]
[ECO "B09"]
[WhiteElo "1587"]
[BlackElo "1807"]
[Annotator "NA"]
[PlyCount "65"]
[EventDate "2019.08.02"]
[EventType "swiss"]
[EventCountry "SVK"]
[SourceTitle "playchess.com"]
[Source "ChessBase"]
[SourceQuality "1"]
[TimeControl "40/5400+30:1800+30"]

1. e4 g6 2. d4 d6 3. Nc3 Bg7 4. f4 Nf6 5. Nf3 O-O 6. e5 dxe5 7. fxe5 Ng4 8. h3 Nh6 9. Bf4 f6 10. Bc4+ Nf7 11. Qd2 Nc6 12. exf6 exf6 13. O-O-O Na5 14. Bxf7+ Rxf7 15. g4 Nc4 16. Qe2 Nd6 17. g5 fxg5 18. Bxg5 Qf8 19. Ne5 Rf2 20. Qe3 c6 21. h4 Rf5 22. Kb1 Nf7 23. Nxf7 Rxf7 24. Qg3 Rf3 25. Qg1 Bh3 26. Ne4 Re8 27. Nd2 h6 28. Nxf3 Qxf3 29. Rd3 Bxd4 30. Rxf3 Bxg1 31. Rxg1 Bg4 32. Rxg4 hxg5 33. b3 1-0

[Event "EYCC Girls-U14 2019"]
[Site "Bratislava"]
[Date "2019.08.09"]
[Round "8.22"]
[White "Toncheva, Nadya"]
[Black "Karavitaki, Evaggelia"]
[Result "1/2-1/2"]
[ECO "B22"]
[WhiteElo "2087"]
[BlackElo "1681"]
[Annotator "NA"]
[PlyCount "69"]
[EventDate "2019.08.02"]
[EventType "swiss"]
[EventCountry "SVK"]
[SourceTitle "playchess.com"]
[Source "ChessBase"]
[SourceQuality "1"]
[TimeControl "40/5400+30:1800+30"]

1. e4 c5 2. c3 d5 3. exd5 Qxd5 4. d4 e6 5. Na3 Qd8 6. Nf3 Nc6 7. Bf4 Nf6 8. dxc5 Bxc5 9. Qxd8+ Kxd8 10. Nb5 Nd5 11. Rd1 Ke7 12. Rxd5 exd5 13. Nc7 Be6 14. Nxa8 Rxa8 15. b4 Bd6 16. Bxd6+ Kxd6 17. Bd3 d4 18. Nxd4 Nxd4 19. cxd4 Bxa2 20. Kd2 Bd5 21. Ra1 a6 22. g3 h6 23. Ra5 Rd8 24. f4 Ke7 25. Ke3 Kd6 26. f5 Re8+ 27. Kf4 Re1 28. Rc5 Rd1 29. Ke3 Re1+ 30. Kf2 Rh1 31. h4 Rh2+ 32. Ke3 Rb2 33. b5 axb5 34. Rxb5 Rxb5 35. Bxb5 1/2-1/2

[Event "EYCC Girls-U14 2019"]
[Site "Bratislava"]
[Date "2019.08.09"]
[Round "8.23"]
[White "Sevcikova, Lucia"]
[Black "Puia, Alexia-Teodora"]
[Result "1-0"]
[ECO "B48"]
[WhiteElo "1800"]
[BlackElo "1601"]
[Annotator "NA"]
[PlyCount "75"]
[EventDate "2019.08.02"]
[EventType "swiss"]
[EventCountry "SVK"]
[SourceTitle "playchess.com"]
[Source "ChessBase"]
[SourceQuality "1"]
[TimeControl "40/5400+30:1800+30"]

1. e4 c5 2. Nf3 e6 3. d4 cxd4 4. Nxd4 Nc6 5. Nc3 Qc7 6. Be3 a6 7. Qd2 Nf6 8. O-O-O Bb4 9. f3 Ne5 10. Nb3 b5 11. Bf4 Nh5 12. Bxe5 Qxe5 13. Qd4 Bxc3 14. Qxc3 Qxc3 15. bxc3 Bb7 16. Na5 Bc6 17. Nxc6 dxc6 18. g3 Ke7 19. e5 Rhd8 20. Bg2 Rd5 21. f4 Rc5 22. Rd3 Rd8 23. Kb2 g5 24. Bf3 Ng7 25. Rhd1 Rxd3 26. cxd3 gxf4 27. gxf4 f6 28. d4 Rc4 29. Be2 Ra4 30. Rg1 Ne8 31. Bd1 Ra5 32. Bb3 fxe5 33. dxe5 Kf7 34. f5 Nc7 35. f6 Ne8 36. Rd1 b4 37. Rd7+ Kg6 38. f7 1-0

[Event "EYCC Girls-U14 2019"]
[Site "Bratislava"]
[Date "2019.08.09"]
[Round "8.24"]
[White "Alekseenko, Mariya"]
[Black "Eraslan, Yagmur"]
[Result "1-0"]
[ECO "A12"]
[WhiteElo "1848"]
[BlackElo "1651"]
[Annotator "NA"]
[PlyCount "115"]
[EventDate "2019.08.02"]
[EventType "swiss"]
[EventCountry "SVK"]
[SourceTitle "playchess.com"]
[Source "ChessBase"]
[SourceQuality "1"]
[TimeControl "40/5400+30:1800+30"]

1. c4 c6 2. Nf3 d5 3. b3 Nf6 4. Bb2 Bg4 5. Ne5 Bf5 6. d3 g6 7. Nd2 Bg7 8. Qc2 O-O 9. g3 Nfd7 10. Nef3 e5 11. e4 dxe4 12. dxe4 Bg4 13. h3 Bxf3 14. Nxf3 Qc7 15. Bg2 Nc5 16. O-O Ne6 17. Rad1 Nd7 18. b4 a5 19. a3 c5 20. bxa5 Rxa5 21. Nd2 Nd4 22. Qd3 Nb8 23. Nb1 Nbc6 24. Nc3 Rb8 25. f4 b5 26. cxb5 Nxb5 27. Nd5 Qd8 28. fxe5 Nxe5 29. Qe2 Qf8 30. Qf2 Ra6 31. a4 Nd6 32. Ba1 Ndc4 33. g4 h6 34. Kh1 Rc8 35. Qg3 Qe8 36. g5 Re6 37. gxh6 Bh8 38. Qh4 Kh7 39. Rf2 Nd7 40. Rdf1 Nce5 41. a5 Qf8 42. Nb6 Rc7 43. Nd5 Ra7 44. Bc3 Rb7 45. Ba1 Ra7 46. Bc3 Rb7 47. Rf4 Ra7 48. Qg3 f6 49. h4 Kxh6 50. Bh3 Rd6 51. Bxd7 Nxd7 52. Rg4 Raa6 53. Rxg6+ Kh7 54. Qg4 Bg7 55. Qh5+ Bh6 56. Rfg1 Ne5 57. Rg8 Qf7 58. Qf5+ 1-0

[Event "EYCC Girls-U14 2019"]
[Site "Bratislava"]
[Date "2019.08.10"]
[Round "9.1"]
[White "Allahverdiyeva, Ayan"]
[Black "Kirchei, Viktoriia"]
[Result "1-0"]
[ECO "C41"]
[WhiteElo "2114"]
[BlackElo "2006"]
[Annotator "NA"]
[PlyCount "67"]
[EventDate "2019.08.02"]
[EventType "swiss"]
[EventCountry "SVK"]
[SourceTitle "playchess.com"]
[Source "ChessBase"]
[SourceQuality "1"]
[TimeControl "40/5400+30:1800+30"]

1. e4 d6 2. d4 Nf6 3. Nc3 e5 4. Nf3 Nbd7 5. Bc4 Be7 6. O-O O-O 7. a4 a5 8. Re1 c6 9. Bb3 Rb8 10. Bg5 h6 11. Bh4 Nh5 12. Bxe7 Qxe7 13. Nxe5 dxe5 14. Qxh5 exd4 15. Ne2 Ne5 16. Nxd4 Bg4 17. Nf5 Qc5 18. Qh4 Rbd8 19. h3 Bxf5 20. exf5 Nd7 21. g4 Ne5 22. Qg3 Rfe8 23. Re4 Nd7 24. Rae1 Rxe4 25. Rxe4 Nf6 26. Re2 Nd5 27. Qe5 Kh7 28. f6 gxf6 29. Qf5+ Kg7 30. c4 Qb4 31. Bc2 Ne7 32. Rxe7 Rd1+ 33. Kg2 Kf8 34. Qxf6 1-0

[Event "EYCC Girls-U14 2019"]
[Site "Bratislava"]
[Date "2019.08.10"]
[Round "9.2"]
[White "Nur-Mukhametova, Alisa"]
[Black "Hakobyan, Astghik"]
[Result "1-0"]
[ECO "A30"]
[WhiteElo "2126"]
[BlackElo "1863"]
[Annotator "NA"]
[PlyCount "110"]
[EventDate "2019.08.02"]
[EventType "swiss"]
[EventCountry "SVK"]
[SourceTitle "playchess.com"]
[Source "ChessBase"]
[SourceQuality "1"]
[TimeControl "40/5400+30:1800+30"]

1. Nf3 Nf6 2. g3 b6 3. Bg2 Bb7 4. O-O e6 5. c4 c5 6. Nc3 Be7 7. b3 O-O 8. Bb2 d5 9. e3 Nbd7 10. Qe2 Rc8 11. cxd5 exd5 12. d4 Re8 13. Rfd1 c4 14. Ne5 cxb3 15. axb3 a6 16. Nd3 Nf8 17. Qd2 Ng6 18. Rdc1 Bd6 19. Ba3 h5 20. Bxd6 Qxd6 21. h4 Re7 22. Na4 a5 23. b4 Ne4 24. Qe1 Rxc1 25. Rxc1 Ba6 26. Bf1 Bb5 27. Ndb2 Bxf1 28. Kxf1 axb4 29. Rc8+ Kh7 30. Qe2 Kh6 31. Rc1 Re6 32. Nd3 Nxg3+ 33. fxg3 Qxg3 34. Qf2 Qh3+ 35. Ke2 Rf6 36. Qg1 Qxh4 37. Rf1 Rxf1 38. Qxf1 Qg4+ 39. Qf3 Qxf3+ 40. Kxf3 Nh4+ 41. Kf2 b5 42. Nb6 b3 43. Nxd5 Nf5 44. Nc3 Nd6 45. Nd1 g5 46. Nc5 g4 47. Nxb3 h4 48. Kg2 h3+ 49. Kh2 Kg5 50. Nc3 Kh4 51. Ne2 Ne4 52. d5 Nf6 53. d6 g3+ 54. Kg1 Ne4 55. d7 b4 1-0

[Event "EYCC Girls-U14 2019"]
[Site "Bratislava"]
[Date "2019.08.10"]
[Round "9.3"]
[White "Yakimova, Mariya"]
[Black "Zeliantsova, Kseniya"]
[Result "0-1"]
[ECO "E73"]
[WhiteElo "2250"]
[BlackElo "1907"]
[Annotator "NA"]
[PlyCount "86"]
[EventDate "2019.08.02"]
[EventType "swiss"]
[EventCountry "SVK"]
[SourceTitle "playchess.com"]
[Source "ChessBase"]
[SourceQuality "1"]
[TimeControl "40/5400+30:1800+30"]

1. d4 Nf6 2. c4 g6 3. Nc3 Bg7 4. e4 d6 5. Be2 O-O 6. Be3 e5 7. d5 a5 8. g4 c6 9. g5 Ne8 10. h4 Nc7 11. h5 cxd5 12. cxd5 b5 13. Nxb5 Nxb5 14. Bxb5 Ba6 15. Bxa6 Nxa6 16. Ne2 Rb8 17. Qd2 Nc5 18. Bxc5 dxc5 19. Nc3 Rb4 20. O-O-O Qb6 21. Qe2 Rb8 22. Rd2 a4 23. a3 Rb3 24. Rc2 Qd8 25. Qg4 Qb6 26. Qe2 Qd8 27. Rg1 Bf8 28. hxg6 hxg6 29. Nxa4 c4 30. Nc3 Rxb2 31. Qxc4 Bxa3 32. Rxb2 Bxb2+ 33. Kc2 Bxc3 34. Kxc3 Rc8 35. Rb1 Rxc4+ 36. Kxc4 Qc7+ 37. Kd3 Qc5 38. Rb8+ Kg7 39. f3 Qf2 40. Re8 Qxf3+ 41. Kc4 Qxe4+ 42. Kc5 Qd4+ 43. Kd6 Qb6+ 0-1

[Event "EYCC Girls-U14 2019"]
[Site "Bratislava"]
[Date "2019.08.10"]
[Round "9.4"]
[White "Tsotsonava, Elene"]
[Black "Hrebenshchykova, Yelyzaveta"]
[Result "0-1"]
[ECO "B80"]
[WhiteElo "1878"]
[BlackElo "1955"]
[Annotator "NA"]
[PlyCount "120"]
[EventDate "2019.08.02"]
[EventType "swiss"]
[EventCountry "SVK"]
[SourceTitle "playchess.com"]
[Source "ChessBase"]
[SourceQuality "1"]
[TimeControl "40/5400+30:1800+30"]

1. e4 c5 2. Nf3 e6 3. d4 cxd4 4. Nxd4 Nf6 5. Nc3 d6 6. Be3 Nc6 7. Be2 Be7 8. O-O O-O 9. Nb3 a6 10. a4 b6 11. f4 Qc7 12. Bf3 Rb8 13. Qe2 Na5 14. Nxa5 bxa5 15. Rab1 Rb4 16. Kh1 Bd7 17. Bd2 Bxa4 18. Qxa6 Bd7 19. Qe2 e5 20. b3 Rd4 21. fxe5 dxe5 22. Nd5 Nxd5 23. exd5 Qxc2 24. Bxa5 Qxe2 25. Bxe2 Rxd5 26. Bc3 Bb5 27. Bc4 Bxc4 28. bxc4 Rc5 29. Rb7 Bd6 30. Bb4 Rc6 31. c5 Bxc5 32. Rc1 Rd8 33. h3 Rb6 34. Ba5 Rxb7 35. Bxd8 Rb5 36. Bc7 f6 37. Rd1 Bd4 38. Bd6 Kf7 39. Rc1 Rb7 40. Ba3 Ra7 41. Bb4 Ra1 42. Rxa1 Bxa1 43. Kh2 f5 44. Kg3 Ke6 45. Kf3 e4+ 46. Ke3 Ke5 47. Bf8 f4+ 48. Ke2 Kf5 49. Bc5 g5 50. Bf2 h5 51. Bc5 g4 52. Bf2 f3+ 53. gxf3 exf3+ 54. Kf1 Be5 55. hxg4+ hxg4 56. Bc5 g3 57. Bb6 Ke4 58. Bg1 Bd4 59. Bf2 g2+ 60. Kg1 Bxf2+ 0-1

[Event "EYCC Girls-U14 2019"]
[Site "Bratislava"]
[Date "2019.08.10"]
[Round "9.5"]
[White "Nadzamova, Viktoria"]
[Black "Tarasenka, Aliaksandra"]
[Result "0-1"]
[ECO "B52"]
[WhiteElo "1854"]
[BlackElo "2231"]
[Annotator "NA"]
[PlyCount "54"]
[EventDate "2019.08.02"]
[EventType "swiss"]
[EventCountry "SVK"]
[SourceTitle "playchess.com"]
[Source "ChessBase"]
[SourceQuality "1"]
[TimeControl "40/5400+30:1800+30"]

1. e4 c5 2. Nf3 d6 3. Bb5+ Bd7 4. Bxd7+ Qxd7 5. O-O Nc6 6. c3 Nf6 7. Re1 e6 8. d4 cxd4 9. cxd4 d5 10. e5 Ng8 11. Nc3 Nge7 12. Nh4 Rc8 13. Be3 Ng6 14. Nxg6 hxg6 15. Bg5 Be7 16. Bxe7 Nxe7 17. Rc1 Nf5 18. Nb5 Rxc1 19. Qxc1 O-O 20. g4 Nh4 21. Re3 Qxb5 22. Rh3 g5 23. Qxg5 Ng6 24. Qh5 Rc8 25. Qh7+ Kf8 26. Rf3 Qe2 27. Kg2 Rc1 0-1